 Dungeon Crawl Stone Soup version 0.27.0-65-ge2af304b15 (webtiles) character file.

Game seed: 2893085204544879436

41 Araneus the Sneak (level 3, -3/24 HPs)
             Began as an Octopode Brigand on Aug 18, 2021.
             Slain by a goblin (7 damage)
             ... led by Robin
             ... on level 2 of the Dungeon.
             The game lasted 00:01:57 (1631 turns).

Araneus the Sneak (Octopode Brigand)                Turns: 1631, Time: 00:01:58

Health: -3/24      AC:  1    Str: 10    XL:     3   Next: 52%
Magic:  3/3        EV: 12    Int: 13    God:
Gold:   58         SH:  0    Dex: 14    Spells: 2/2 levels left

rFire    . . .     SeeInvis .   a - +2 dagger
rCold    . . .     Faith    .   (no shield)
rNeg     . . .     Spirit   .   (helmet restricted)
rPois    .         Reflect  .   (no amulet)
rElec    .         Harm     .   (no ring)
rCorr    .         Rampage  .   (no ring)
Will     .....                  (no ring)
Stlth    ++++......             (no ring)
HPRegen  0.08/turn              (no ring)
MPRegen  0.08/turn              (no ring)
                                (no ring)
                                (no ring)

@: no status effects
A: almost no armour, amphibious, 8 rings, camouflage 1, gelatinous body 1,
(nimble swimmer 1), tentacles
a: no special abilities


You were on level 2 of the Dungeon.
You visited 1 branch of the dungeon, and saw 2 of its levels.

You collected 58 gold pieces.

Inventory:

Hand Weapons
 a - a +2 dagger (weapon)
Missiles
 b - 30 poisoned darts (quivered)
 c - 2 curare-tipped darts
 d - 2 throwing nets
Jewellery
 g - a ring of ice
Scrolls
 e - a scroll of acquirement {unknown}
 f - a scroll of identify {unknown}
 h - a scroll of magic mapping {unknown}


   Skills:
 - Level 2.0 Fighting
 + Level 2.4 Short Blades
 - Level 2.0 Throwing
 - Level 1.0 Dodging
 + Level 6.8 Stealth


You had 2 spell levels left.
You didn't know any spells.
Your spell library was empty.

Dungeon Overview and Level Annotations

Branches:
Dungeon (2/15)

Altars:

Annotations:
D:2 Robin


Innate Abilities, Weirdness & Mutations

You cannot wear most types of armour.
You are amphibious.
You can wear up to eight rings at the same time.
Your skin changes colour to match your surroundings (Stealth+).
Your rubbery body absorbs attacks. (AC +1, EV +1)
((You are camouflaged near water. (Stealth+)))
You have tentacles for arms and can constrict up to eight enemies at once.


Message History

You hit the goblin.
You kill the goblin!
Robin roars a battlecry!
The goblins go into a battle-frenzy!
You hit the goblin. You grab the goblin.
You squeeze the goblin, but do no damage.
The goblin is severely wounded.
You constrict the goblin.
You kill the goblin!
The goblin throws a stone.
The stone hits you.
A kobold comes into view. It is wielding a +0 whip.
A goblin comes into view. It is wielding a +0 dagger.
The goblin misses you.
A goblin comes into view. It is wielding a +0 club.
Items here: )) ††.
The kobold shouts!
You hit the goblin.
You kill the goblin!
You hit the frilled lizard.
You kill the frilled lizard!
You barely miss Robin. You grab Robin. You constrict Robin, but do no damage.
Robin throws the goblin at you!
You hit Robin. You squeeze Robin.
Robin is lightly wounded.
You constrict Robin, but do no damage. The goblin barely misses you.
Robin hits you with a +0 whip.
You hit Robin but do no damage.
Robin is lightly wounded.
You constrict Robin, but do no damage. The goblin hits you with a +0 club!
Robin hits you with a +0 whip!
* * * LOW HITPOINT WARNING * * *
You are too injured to fight recklessly!
You aren't carrying any potions.
You hit the goblin. Your grab misses the goblin.
The goblin is severely wounded.
You constrict Robin. The goblin closely misses you. Robin barely misses you.
You barely miss the goblin. Your grab misses the goblin.
The goblin is severely wounded.
You constrict Robin. The goblin hits you with a +0 club!
You die...

..#.####
......# ......#
......# #.....#
#.g...# #gg...#
#g# #@# #g# #.#
##### #.# #...#
#.#
##...########.#
#........†....#
#....##########
#.....(...#


You could see Robin, a hobgoblin (strong) and 3 goblins.

Vanquished Creatures
  3 endoplasms (D:1)
  A giant cockroach (D:1)
  7 goblins (D:2)
  3 hobgoblins
  2 jackals (D:2)
  2 kobolds (D:1)
  3 quokkas
  4 ball pythons (D:1)
  6 bats (D:1)
  5 frilled lizards
36 creatures vanquished.

Notes
Turn   | Place    | Note
-------+----------+-------------------------------------------
     0 | D:1      | Araneus the Octopode Brigand began the quest for the Orb.
     0 | D:1      | Reached XP level 1. HP: 14/14 MP: 1/1
   322 | D:1      | Reached XP level 2. HP: 19/19 MP: 2/2
   328 | D:1      | Reached skill level 6 in Stealth
   506 | D:1      | Found a faded altar of an unknown god.
  1370 | D:1      | Reached XP level 3. HP: 21/24 MP: 3/3
  1618 | D:2      | Noticed Robin
  1631 | D:2      | Slain by a goblin

Illustrated notes

Levels and vault maps discovered:
D:1:      roderic_chinese_lattice_arrival, layout_basic,
          shapermc_ecumenical_altar_mp_ritualfount
D:2:      wander_river, layout_basic, uniq_crazy_yiuf_cottage, uniq_robin

Skill      XL: |  1  2 |
---------------+-------+-----
Stealth        | 6 |  6.8
Fighting       | |  2.0
Short Blades   | |  2.4
Throwing       | |  2.0
Dodging        | |  1.0

Action                   || total
-------------------------++-------
Melee: Dagger            ||    75
       Constrict         ||    17
       Tentacles         ||     8
 Stab: Sleeping          ||     8
Armor: Skin              ||     6
Dodge: Dodged            ||    33
